[Event "NJSK 2021 Jeugd C"]
[Site "Almelo, Netherlands"]
[Date "2021.08.07"]
[Round "9.6"]
[White "Katpatal, Akshaj"]
[Black "Aravindhan, Achyuth"]
[Result "1-0"]
[TimeControl "90min + 30sec/move"]
[WhiteElo "1650"]
[BlackElo "1031"]

1. e4 c5 2. Nf3 d6 3. c3 Nf6 4. Be2 g6 5. O-O Bg7 6. Bb5+ Bd7 7. Bxd7+ Qxd7 8. Re1 O-O 9. d4 cxd4 10.
cxd4 Qc7 11. Nc3 Nbd7 12. Bf4 Nb6 13. e5 dxe5 14. Bxe5 Qd7 15. Qe2 Rac8 16. Rad1 Nc4 17. Bxf6 Bxf6 18.
Ne5 Bxe5 19. dxe5 Qe6 20. Rd4 Nb6 21. Rh4 Rc4 22. Rh3 Rd8 23. Qe3 f5 24. exf6 Qxf6 25. Rf3 Qd6 26. h3 Re8 27.
Ne4 Qd4 28. Qxd4 Rxd4 29. Nf6+ Kf7 30. Nxe8+ Kxe8 31. Rfe3 Nd5 32. Re4 Rd2 33. R1e2 Rd1+ 34. Kh2 Kd7 35. Rh4 h5 36. Re5 Kd6 37.
Rg5 Rd2 38. Rxg6+ e6 39. Re4 Nc7 40. Rb4 b6 41. f4 Nd5 42. Re4 Rxb2 43. Rgxe6+ Kc5 44. f5 Rf2 45. Ra4 Nf4 46. Ree4 Nd5 47.
Rxa7 Rxf5 48. g4 hxg4 49. hxg4 Nc3 50. Re3 Rf2+ 51. Kg1 Rc2 52. Rxc3+ Rxc3 53. Rc7+ Kd4 54. Rxc3 Kxc3 55. g5 Kb2 56.
g6 b5 57. g7 Kxa2 58. g8=Q+ Kb2 59. Qb8 b4 60. Qxb4+ Kc2 61. Qf4 Kd3 62. Qe5 Kc4 63. Qe3 Kd5 64. Qf4 Ke6 65. Qg5 Kd6 66.
Qf5 Ke7 67. Qg6 Kd7 68. Qf6 Kc7 69. Qe6 Kb7 70. Qd6 1-0

[Event "NJSK 2021 Jeugd C"]
[Site "Almelo, Netherlands"]
[Date "2021.08.07"]
[Round "9.7"]
[White "Kurt, Sascha"]
[Black "Krylov, Philippe"]
[Result "1/2-1/2"]
[TimeControl "90min + 30sec/move"]
[WhiteElo "1650"]
[BlackElo "1339"]

1. e4 c6 2. d4 d5 3. Nc3 dxe4 4. Nxe4 Bf5 5. Ng3 Bg6 6. h4 h6 7. Nh3 Nf6 8. Nf4 Bh7 9. Bc4 e5 10.
dxe5 Qa5+ 11. c3 Qxe5+ 12. Qe2 Qxe2+ 13. Kxe2 Bc5 14. Re1 O-O 15. Be3 Bxe3 16. fxe3 Nbd7 17. Rad1 Ne5 18. Bd3 Bxd3+ 19. Nxd3 Nxd3 20.
Rxd3 Rad8 21. Red1 Rxd3 22. Rxd3 Re8 23. Nf5 g6 24. Nd6 Re7 25. Nc8 Rd7 26. Rxd7 Nxd7 1/2-1/2

[Event "NJSK 2021 Jeugd C"]
[Site "Almelo, Netherlands"]
[Date "2021.08.07"]
[Round "9.8"]
[White "Kien, Lancelot"]
[Black "Ponomarev, Ivan"]
[Result "0-1"]
[TimeControl "90min + 30sec/move"]
[WhiteElo "1650"]
[BlackElo "1723"]

1. e4 c5 2. Nf3 e6 3. d4 cxd4 4. Nxd4 Nf6 5. Nc3 Nc6 6. Be3 Bb4 7. Nxc6 bxc6 8. Bd3 d5 9. exd5 cxd5 10.
O-O O-O 11. Bd4 Bd7 12. f4 Bxc3 13. Bxc3 Rc8 14. Bd4 a5 15. Kh1 Re8 16. Qe1 Bc6 17. Qh4 h6 18. Rae1 Ne4 19. Qxd8 Rcxd8 20. Bxe4 dxe4 21. c3 Rb8 22. b3 Red8 23. Re3 f6 24. Rg3 Kf7 25. Kg1 Bd5 26. Rf2 a4 27. b4 Bc4 28. a3 Bd3 29.
Re3 Rbc8 30. Re1 Rd5 31. Rc1 Rxd4 0-1

[Event "NJSK 2021 Jeugd C"]
[Site "Almelo, Netherlands"]
[Date "2021.08.07"]
[Round "9.9"]
[White "Lopes, Samuel"]
[Black "Madularea, David"]
[Result "0-1"]
[TimeControl "90min + 30sec/move"]
[WhiteElo "1124"]
[BlackElo "1656"]

1. e4 c5 2. d4 cxd4 3. c3 dxc3 4. Nxc3 d6 5. Nf3 Nc6 6. Bc4 a6 7. O-O Nf6 8. Qe2 Bg4 9. Rd1 Rc8 10.
Bf4 e5 11. Be3 Be7 12. Rac1 O-O 13. h3 Bh5 14. Bd5 Qd7 15. a3 Rfd8 16. Na4 Nd4 17. Bxd4 Nxd5 18. Nb6 Nxb6 19. Bxb6 Rxc1 20.
Rxc1 Rc8 21. Rxc8+ Qxc8 22. g4 Bg6 23. Nd2 Qc6 24. Ba5 Bg5 25. Nc4 b5 26. Bd2 Qxc4 27. Qxc4 bxc4 28. Bxg5 Bxe4 29.
Bd8 d5 30. Ba5 f6 31. Kf1 Kf7 32. Ke2 Kg6 33. Bd2 d4 34. f3 Bd3+ 35. Kf2 Kf7 36. h4 Ke6 37. Kg3 Kd5 38. f4 e4 39.
Kf2 e3+ 40. Bxe3 dxe3+ 41. Kxe3 a5 42. g5 f5 43. b3 Be4 44. b4 axb4 45. axb4 c3 46. h5 Kc4 47. Ke2 Kb3 48. Kd1 Kb2 49.
h6 c2+ 50. Ke2 g6 51. Kf2 c1=Q 52. Kg3 Qg1+ 53. Kh4 Qh2# 0-1

[Event "NJSK 2021 Jeugd C"]
[Site "Almelo, Netherlands"]
[Date "2021.08.07"]
[Round "9.10"]
[White "Kumar, Prayan Sai"]
[Black "Ramdien, Steven"]
[Result "0-1"]
[TimeControl "90min + 30sec/move"]
[WhiteElo "1652"]
[BlackElo "1589"]

1. d4 Nf6 2. c4 e6 3. Nf3 d5 4. Bg5 Be7 5. cxd5 exd5 6. Nc3 O-O 7. e3 Bf5 8. Bd3 Bxd3 9. Qxd3 h6 10.
Bh4 c6 11. O-O Nbd7 12. Rab1 Re8 13. Rfc1 Nf8 14. h3 Ng6 15. Bg3 Bd6 16. Bxd6 Qxd6 17. b4 Qd7 18. b5 Rac8 19. Na4 b6 20.
Nc3 Ne4 21. Nd2 Nxd2 22. Qxd2 cxb5 23. Nxb5 Rc4 24. Rxc4 dxc4 25. Qc3 Rc8 26. Na3 Ne7 27. e4 Qe6 28. f3 a6 29. Rd1 Qd6 30.
d5 f6 31. Nc2 b5 32. a3 Nc6 33. Ne3 Ne7 34. Qb4 Rd8 35. Nc2 Nc8 36. Qxd6 Nxd6 37. Nb4 a5 38. Nc6 Ra8 39. f4 Kf7 40.
e5 Nb7 41. e6+ Ke8 42. d6 Nd8 43. Nxd8 Kxd8 44. Rb1 Rb8 45. Kf2 b4 46. Ke2 b3 47. Kd2 Rb6 48. Kc3 Rxd6 49. Kxc4 a4 50.
Kb4 Rd4+ 51. Kc5 Rxf4 52. Kd5 Ke7 53. Rc1 Rf5+ 54. Ke4 Re5+ 0-1

[Event "NJSK 2021 Jeugd C"]
[Site "Almelo, Netherlands"]
[Date "2021.08.07"]
[Round "9.11"]
[White "Sazonov, Fedor"]
[Black "Pancharajah, Abisan"]
[Result "0-1"]
[TimeControl "90min + 30sec/move"]
[WhiteElo "1650"]
[BlackElo "1650"]

1. d4 Nf6 2. c4 g6 3. Nf3 Bg7 4. Nc3 O-O 5. Bg5 d6 6. e3 Nbd7 7. Be2 b6 8. O-O Bb7 9. d5 c6 10. e4 Nc5 11. Qc2 Rc8 12. Rac1 a5 13.
Rfe1 h6 14. Bh4 g5 15. Bg3 b5 16. dxc6 Bxc6 17. cxb5 Bxe4 18. Nxe4 Nfxe4 19. Qb1 f5 20. h3 Qb6 21. a4 Nxg3 22.
Qa2+ Kh8 23. fxg3 Nd3+ 0-1

[Event "NJSK 2021 Jeugd C"]
[Site "Almelo, Netherlands"]
[Date "2021.08.07"]
[Round "9.12"]
[White "Ekker, Joshua"]
[Black "Lankheet, Hidde"]
[Result "1-0"]
[TimeControl "90min + 30sec/move"]
[WhiteElo "1695"]
[BlackElo "1000"]

1. e4 c6 2. d4 d5 3. exd5 cxd5 4. Bd3 Nc6 5. c3 Nf6 6. Bf4 e6 7. Nf3 Qb6 8. Qc2 Be7 9. Nbd2 O-O 10.
O-O Bd7 11. Ne5 Nxe5 12. Bxe5 h6 13. Nf3 Rac8 14. Qe2 Ne4 15. Rab1 Bc6 16. Nd2 Nxd2 17. Qxd2 Bb5 18. Rfe1 Bxd3 19.
Qxd3 Bd6 20. g4 Bxe5 21. Rxe5 Qd8 22. Qf3 f6 23. Rxe6 Qd7 24. Qe2 Rfe8 25. Re1 Kf7 26. Rxe8 Rxe8 27.
Qxe8+ Qxe8 28. Rxe8 Kxe8 29. Kg2 Kd7 30. Kf3 g5 31. Ke3 Kc6 32. Kd3 b5 33. Kc2 a5 34. Kb3 Kb6 35. a4 Kc6 36. Ka3 Kb6 37. b3 Kc6 38. axb5+ Kxb5 39. h3 Kb6 40.
Ka4 Ka6 41. c4 dxc4 42. bxc4 Kb6 43. c5+ Ka6 44. d5 1-0

[Event "NJSK 2021 Jeugd C"]
[Site "Almelo, Netherlands"]
[Date "2021.08.07"]
[Round "10.1"]
[White "De Winter, Arthur"]
[Black "Kumar, Prajit Sai"]
[Result "1-0"]
[TimeControl "90min + 30sec/move"]
[WhiteElo "2000"]
[BlackElo "1811"]

1. e4 c6 2. d4 d5 3. e5 Bf5 4. h4 h5 5. c4 e6 6. Nc3 dxc4 7. Bxc4 Nd7 8. Nge2 Be7 9. Ng3 Bg6 10. Nge4 Nh6 11. Bxh6 Rxh6 12.
g3 Nb6 13. Be2 Qd7 14. Qd2 Rh8 15. O-O O-O-O 16. Rfd1 Bf5 17. a3 Kb8 18. b4 Nd5 19. Bf3 Nxc3 20. Nxc3 g5 21. hxg5 Rdg8 22.
Na4 Bxg5 23. Nc5 Qc8 24. Qe2 h4 25. g4 Bf4 26. Kh1 Bg6 27. b5 cxb5 28. Qxb5 1-0

[Event "NJSK 2021 Jeugd C"]
[Site "Almelo, Netherlands"]
[Date "????.??.??"]
[Round "11.1"]
[White "Kumar, Prayan Sai"]
[Black "De Winter, Arthur"]
[Result "0-1"]
[TimeControl "90min + 30sec/move"]
[WhiteElo "1652"]
[BlackElo "2000"]

1. e4 c5 2. Nf3 Nc6 3. Bb5 g6 4.
Bxc6 dxc6 5. h3 Bg7 6. d3 Nf6 7.
a4 O-O 8. O-O Nd7 9. Nc3 e5 10. Be3 b6 11. a5 Rb8 12. b3 Re8 13. Nd2 Nf8 14. axb6 axb6 15. Rb1 Ne6 16. Ne2 Nd4 17.
f4 exf4 18. Bxf4 Ra8 19. Kh1 Be6 20. Nf3 Nb5 21. Qd2 Ra2 22. Bh6 f6 23. Bxg7 Kxg7 24. d4 cxd4 25. Nexd4 Bf7 26. Qf2 Nxd4 27.
Nxd4 c5 28. Nb5 Re5 29. Rbd1 Qe7 30. Rd7 Qxd7 31. Qxf6+ Kg8 32. Qxe5 Qxb5 33. Qe7 Qxf1+ 0-1